[Event "Late-Titled-Tuesday-Blitz-May-14-2024"]
[Site "Chess.com"]
[Date "2024.05.14"]
[Round "5"]
[White "artin10862"]
[Black "Sanan_Sjugirov"]
[Result "1-0"]
[WhiteElo "2891"]
[BlackElo "3037"]
[TimeControl "180+1"]
[EndTime "14:57:25 PDT"]
[Termination "artin10862 won on time"]

1. Nf3 Nf6 2. d4 e6 3. c4 b6 4. Nc3 Bb4 5. Bd2 Bb7 6. e3 O-O 7. Bd3 d5 8. cxd5 exd5 9. Rc1 a6 10. O-O Bd6 11. Ne5 c5 12. f4 c4 13. Bb1 b5 14.
Be1 Ne4 15. Nxe4 dxe4 16. b3 cxb3 17. Qxb3 Qe8 18. a4 Nd7 19. axb5 axb5 20. Qxb5 Nxe5 21. Qxe8 Nf3+ 22. Rxf3 Rfxe8 23. Rf2 Ra3 24. Rb2 Bd5 25.
Kf2 h6 26. Bb4 Bxb4 27. Rxb4 Ra1 28. Rc5 Ba2 29. Bc2 Rc1 30. Ba4 Rxc5 31. dxc5 Rc8 32. c6 Bd5 33. Rb6 Kf8 34. Ke2 Ke7 35. Rb7+ Kd6 36. Rd7+ Kc5 37. c7 Be6 38. Rd4 Bd5 39. Bc2 f5 40. g4 g6 41. gxf5 gxf5 42. Kf2 Rxc7 43. Bd1 Ra7 44. Bh5 Ra2+ 45. Kg3 Ra3 46. Kf2 Ra2+ 47. Be2 Bc6 48. Ke1 Ra1+ 49. Kf2 Ra2 50.
Ke1 Ra1+ 51. Rd1 Ra2 52. Rd2 Ra1+ 53. Kf2 Bd5 54. Bf1 Kd6 55. Bh3 Rh1 56. Kg2 Re1 57. Kf2 Rh1 58. Bg2 Ra1 59. Kg3 Ke6 60. Bh3 Bc4 61. Rc2 Ra4 62. Kh4 Kf6 63. Rd2 Be6 64.
Kg3 Ra3 65. Kf2 Ra1 66. Bf1 Ra3 67. Rd6 Ra2+ 68. Kg3 Ke7 69. Rxe6+ Kxe6 70. Bc4+ Kf6 71. Bxa2 Kg6 72. Kh4 1-0

[Event "Late-Titled-Tuesday-Blitz-May-14-2024"]
[Site "Chess.com"]
[Date "2024.05.14"]
[Round "5"]
[White "katharinareinecke"]
[Black "BrandonJiang123456"]
[Result "1/2-1/2"]
[WhiteElo "1896"]
[BlackElo "2180"]
[TimeControl "180+1"]
[EndTime "14:57:27 PDT"]
[Termination "Game drawn - insufficient material"]

1. d4 d5 2. c4 dxc4 3. Nf3 c6 4. g3 e5 5. Nxe5 Be6 6. Bg2 Bd6 7. O-O Nf6 8. Na3 Bxe5 9. dxe5 Qxd1 10. Rxd1 Nfd7 11. f4 Na6 12. e4 g6 13. Be3 Nb4 14. Bf1 b5 15. Rd2 Ke7 16. Nb1 a5 17. a3 Na6 18.
Nc3 Nac5 19. Rad1 b4 20. axb4 axb4 21. Ne2 Nxe4 22. Rc2 b3 23. Rcc1 Ra2 24. Nd4 Rxb2 25. Nxc6+ Ke8 26. Bxc4 Bxc4 27. Rxc4 Rc2 28. Rxc2 bxc2 29.
Rc1 Kf8 30. Rxc2 Kg7 31. Bd4 Rc8 32. e6+ Ndf6 33. Bxf6+ Kxf6 34. exf7 Nd6 35. Nd4 Rf8 36. Rc7 Rxf7 37. Rxf7+ Nxf7 38. Nf3 Nd6 39. Kf2 Ne4+ 40. Ke3 Nd6 41. h3 h5 42. Nd4 Nc4+ 43. Kf3 Nd2+ 44. Kf2 Ne4+ 45. Kf3 Nd6 46. Nc6 Nf5 47. Ne5 Ne7 48.
Nd3 Nc6 49. Nf2 Nd4+ 50. Ke3 Nf5+ 51. Kf3 Nd4+ 52. Kg2 Nf5 53. Ne4+ Kg7 54. Ng5 Ne3+ 55. Kf3 Nf5 56. Ne6+ Kf6 57. Ng5 Nd4+ 58. Ke4 Nf5 59.
g4 hxg4 60. hxg4 Ng3+ 61. Kf3 Nf1 62. Ne4+ Kg7 63. Kf2 Nh2 64. Kg3 Nf1+ 65. Kf2 Nh2 66. g5 Ng4+ 67. Kg3 Ne3 68. Nf2 Nf5+ 69. Kf3 Ne7 70.
Ng4 Nf5 71. Ne5 Nh4+ 72. Kg4 Nf5 73. Nxg6 Kxg6 74. Kf3 Ne7 75. Ke4 Nf5 76. Ke5 Nh4 77.
Ke6 Nf5 78. Ke5 Nh4 79. Ke6 Nf5 80. Kd7 Ng3 81. Kd6 Kf5 82. Ke7 Nh5 83. Kf7 Kxf4 84. g6 Kf5 85. g7 Nxg7 1/2-1/2

[Event "Late-Titled-Tuesday-Blitz-May-14-2024"]
[Site "Chess.com"]
[Date "2024.05.14"]
[Round "5"]
[White "N_Mullodzhanov"]
[Black "WPWPWP-2015"]
[Result "0-1"]
[WhiteElo "2585"]
[BlackElo "2447"]
[TimeControl "180+1"]
[EndTime "14:57:28 PDT"]
[Termination "WPWPWP-2015 won by checkmate"]

1. e4 e5 2. Nf3 Nc6 3. d4 exd4 4. Nxd4 Nf6 5. Nc3 Bc5 6. Nb3 Bb4 7. Qe2 O-O 8. Bd2 Bxc3 9. Bxc3 Nxe4 10. Bd2 Nxd2 11.
Qxd2 d6 12. O-O-O Bf5 13. f3 a5 14. g4 a4 15. Nd4 Nxd4 16. Qxd4 Be6 17. a3 Qf6 18.
Qxf6 gxf6 19. f4 Bd7 20. Bg2 Bc6 21. Bxc6 bxc6 22. Rhe1 Rfc8 23. Re7 Kf8 24. Re4 c5 25. f5 Re8 26. Ree1 Re5 27. Rxe5 fxe5 28. f6 Ke8 29. Rd3 Kd7 30. g5 Ke6 31. c4 Kf5 32. h4 Kg4 33. Rd1 Kxh4 34. Rg1 Kh5 35. Kd2 Rg8 36. Rh1+ Kg6 37.
Ke3 Rh8 38. Rg1 h6 39. gxh6+ Kxf6 40. Rh1 Kg6 41. Ke4 f5+ 42. Kd5 Rxh6 43. Rg1+ Kf6 44. Rg8 Rh7 45. Ra8 e4 46. Re8 Re7 47. Rf8+ Kg6 48. Rg8+ Kf6 49. Rf8+ Kg5 50. Rg8+ Kf4 51. Rg1 e3 52. Rf1+ Kg4 53. b4 axb3 54. a4 e2 55. Re1 f4 56. a5 f3 57. a6 Re8 58.
a7 Ra8 59. Ra1 f2 60. Kc6 Rxa7 61. Rxa7 e1=Q 62. Rxc7 Qe4+ 63. Kxd6 b2 64. Rg7+ Kh3 65. Rg5 b1=Q 66. Rh5+ Kg2 67. Rg5+ Kf1 68. Rxc5 Qd1+ 69. Kc7 Ke1 70. Rg5 f1=Q 71. Kb8 Qff4+ 72. Re5 Qexe5+ 73. Kb7 Qb3+ 74. Kc6 Qfxc4+ 75. Kd7 Qbd3# 0-1

[Event "Late-Titled-Tuesday-Blitz-May-14-2024"]
[Site "Chess.com"]
[Date "2024.05.14"]
[Round "5"]
[White "Rdeux42"]
[Black "MuhittinBuker"]
[Result "1/2-1/2"]
[WhiteElo "2396"]
[BlackElo "2224"]
[TimeControl "180+1"]
[EndTime "14:57:34 PDT"]
[Termination "Game drawn - timeout vs insufficient material"]

1. d4 Nf6 2. Nc3 d5 3. Bg5 Nbd7 4. Qd3 h6 5. Bxf6 Nxf6 6. O-O-O e6 7. e4 dxe4 8. Nxe4 Be7 9. Nf3 O-O 10. Kb1 b6 11. g4 Bb7 12. Nxf6+ Bxf6 13. Bg2 a5 14. h4 Be7 15.
Ng5 Bxg5 16. Bxb7 Rb8 17. hxg5 Rxb7 18. gxh6 g6 19. h7+ Kh8 20. Qf3 Rb8 21. d5 e5 22. Qe4 Qg5 23. d6 cxd6 24. Rxd6 Rfd8 25. Rd5 Rxd5 26. Qxd5 Qf6 27. g5 Qf5 28. Re1 Rc8 29.
Qxe5+ Qxe5 30. Rxe5 Kxh7 31. b3 Kg7 32. c4 Rc6 33. Kc2 Rd6 34. Kc3 Kf8 35. a3 Rd1 36. Rb5 Rd6 37. b4 axb4+ 38. axb4 Ke7 39. c5 bxc5 40.
bxc5 Rd5 41. Rb7+ Ke6 42. Kc4 Rxg5 43. c6 Rf5 44. Rb2 Kd6 45. Kd4 Kxc6 46. Ke4 Kd6 47. f4 Ke7 48. Rb7+ Kf8 49. Rb6 Kg7 50. Ra6 Rb5 51. Kf3 f5 52. Ra7+ Kh6 53. Ra3 Kh5 54. Kg3 Rb1 55. Rc3 Rg1+ 56. Kh3 Rg4 57. Rf3 Rh4+ 58. Kg3 Rg4+ 59. Kh3 Kh6 60. Rf1 Kg7 61. Rf2 Kf6 62. Rf1 Ke6 63. Re1+ Kd5 64. Re5+ Kd4 65. Re6 Kd5 66. Ra6 Ke4 67. Ra4+ Kf3 68. Rb4 Rxf4 69.
Rb3+ Ke4 70. Rb6 Rg4 71. Rb4+ Ke5 72. Rxg4 fxg4+ 73. Kxg4 Kf6 74. Kf4 1/2-1/2

[Event "Late-Titled-Tuesday-Blitz-May-14-2024"]
[Site "Chess.com"]
[Date "2024.05.14"]
[Round "5"]
[White "MeisterJabo"]
[Black "MKlose11"]
[Result "0-1"]
[WhiteElo "2479"]
[BlackElo "2631"]
[TimeControl "180+1"]
[EndTime "14:57:47 PDT"]
[Termination "MKlose11 won on time"]

1. c4 c5 2. g3 Nc6 3. Bg2 d6 4. Nc3 g6 5. a3 Bg7 6. Rb1 Bd7 7. b4 Rb8 8. Nf3 Nf6 9. O-O O-O 10. e3 b6 11. d4 cxd4 12. Nxd4 Nxd4 13. exd4 Bf5 14.
Rb3 Be6 15. Nd5 Nxd5 16. cxd5 Bd7 17. Rc3 Rc8 18. Rxc8 Qxc8 19. Bg5 Re8 20. Re1 Bf6 21. Bxf6 exf6 22. h4 Qc3 23. Rxe8+ Bxe8 24. Qe2 Kf8 25. Qe3 Qa1+ 26. Kh2 Bd7 27. h5 Qd1 28. h6 Qh5+ 29. Kg1 Qd1+ 30. Kh2 Qh5+ 31. Kg1 Qg5 32.
Qc3 Qxh6 33. Qc7 Ke7 34. Bf1 Ke8 35. Qb8+ Ke7 36. Qxa7 Qc1 37. Kg2 Ke8 38. Qb8+ Ke7 39. Qa7 Ke8 40. Ba6 Bf5 41. Be2 Be4+ 42. Bf3 Bxf3+ 43. Kxf3 Qc3+ 44. Kg2 Qxd4 45. Qb8+ Ke7 46. Qc7+ Kf8 47. Qxd6+ Kg7 48. Kg1 h5 49. Qc6 Qa1+ 50. Kg2 Qxa3 51. d6 Qxb4 52. d7 Qd4 53. Kg1 Qd1+ 54. Kh2 Qd4 55. Kg2 f5 56. Qb7 h4 57.
gxh4 Kf6 58. Qc6+ Ke7 59. Qb7 Qxd7 60. Qxb6 Qd5+ 61. f3 Kf8 62. Qb8+ Kg7 63. Qf4 Qa2+ 64. Kg3 Qe6 65. Qd4+ Qf6 66. Qd2 Qe5+ 67. Kg2 Qe7 68. Qd4+ Qf6 69. Qf4 Qb2+ 70. Kg3 Qa1 71. Kg2 Qb2+ 72.
Kg3 Kh7 73. Qg5 Qe5+ 74. Kg2 Qe2+ 75. Kg3 Qf1 76. Kh2 Qxf3 77. Qf6 Qf4+ 78. Kh3 Qc4 79. Qe7 Qe6 80. Qd8 f4+ 81. Kh2 Qe2+ 82. Kh3 Qf3+ 83.
Kh2 Qg3+ 84. Kh1 f3 0-1

[Event "Late-Titled-Tuesday-Blitz-May-14-2024"]
[Site "Chess.com"]
[Date "2024.05.14"]
[Round "5"]
[White "GMBenjaminBok"]
[Black "moro182"]
[Result "1-0"]
[WhiteElo "3040"]
[BlackElo "2895"]
[TimeControl "180+1"]
[EndTime "14:57:48 PDT"]
[Termination "GMBenjaminBok won by resignation"]

1. d4 g6 2. Nf3 Bg7 3. c4 d6 4. Nc3 Nc6 5. g3 Bd7 6. Bg2 Qc8 7. O-O Bh3 8. e4 Bg4 9. Be3 e5 10. d5 Nd4 11. Nb5 Nxf3+ 12. Bxf3 Bxf3 13. Qxf3 a6 14. Nc3 f5 15. c5 Nf6 16. cxd6 cxd6 17. Rac1 O-O 18.
exf5 Qxf5 19. Qxf5 gxf5 20. Rfd1 Rac8 21. f3 Rc4 22. b3 Rc7 23. Bb6 Rcc8 24. Kf2 e4 25.
Bd4 exf3 26. Kxf3 Ng4 27. Bxg7 Kxg7 28. h3 Ne5+ 29. Kg2 f4 30. gxf4 Rxf4 31. Ne2 Rxc1 32. Rxc1 Rf7 33. Nd4 Nd3 34. Ne6+ Kg6 35. Rc8 Nb4 36. Rd8 Nxd5 37. Rxd6 Ne3+ 38. Kg1 Rf1+ 39. Kh2 Kf5 40. Nc5 Rf2+ 41. Kg3 Rxa2 42. Rb6 Nf1+ 43. Kf3 Nd2+ 44. Ke3 Nf1+ 45. Kd4 Rd2+ 46. Kc3 Rh2 47. Rxb7 Rxh3+ 48. Kb4 Nd2 49. Rd7 Nf3 50. Rf7+ Kg6 51. Ra7 Ne5 52. Rxa6+ Kf5 53. Ra8 h5 54. Rf8+ Kg6 55.
Kb5 h4 56. b4 Rh1 57. Ne4 h3 58. Rh8 Nf7 59. Rh4 Ng5 60. Nf2 Rb1 61. Nxh3 Nf3 62.
Rg4+ Kh5 63. Re4 Kg6 64. Rf4 Nd2 65. Rd4 Nb3 66. Rd3 Kf5 67. Nf2 Ke5 68. Ng4+ Ke4 69. Nf2+ Ke5 70. Nd1 Nd4+ 71. Kc4 Rc1+ 72. Nc3 Ne2 73.
b5 Nf4 74. Re3+ Kd6 75. Re4 Ne6 76. Rg4 Nc7 77. Kb4 Kd7 78. b6 Na6+ 79. Kc4 Nc7 80. Rg7+ Kc6 81. bxc7 Kb7 82. Kd4 Rc2 83. Nd5 Rd2+ 84.
Ke5 Re2+ 85. Kd6 Rd2 86. Rg8 1-0

[Event "Late-Titled-Tuesday-Blitz-May-14-2024"]
[Site "Chess.com"]
[Date "2024.05.14"]
[Round "5"]
[White "Msb2"]
[Black "Szparu"]
[Result "0-1"]
[WhiteElo "3066"]
[BlackElo "2895"]
[TimeControl "180+1"]
[EndTime "14:57:50 PDT"]
[Termination "Szparu won by checkmate"]

1. d4 d5 2. c4 c6 3. Nf3 Nf6 4. Nc3 dxc4 5. e4 b5 6. Qc2 e6 7. Be2 Nbd7 8. O-O a6 9. b3 cxb3 10. axb3 Be7 11. e5 Nd5 12. Nxd5 cxd5 13. Bxb5 Bb7 14.
Bd3 Qb6 15. Bd2 Rc8 16. Qb1 h6 17. Ba5 Qa7 18. Qd1 Nb8 19. b4 Nc6 20. b5 Nxa5 21.
Rxa5 Qb6 22. bxa6 Qxa5 23. axb7 Rb8 24. Qb3 O-O 25. Rb1 Rfd8 26. Qb6 Qxb6 27. Rxb6 Rd7 28. Ba6 Rc7 29. g3 Bd8 30. Kg2 Kf8 31. Rb2 Rc6 32.
Ra2 Ke7 33. Nd2 Bb6 34. Nb3 Kd8 35. h4 h5 36. Ra4 Kc7 37. Kg1 g6 38. Kg2 Rc3 39. Rb4 Rc2 40. Rb5 Ba7 41. Rb4 Ra2 42. Bf1 Rxb7 43. Rxb7+ Kxb7 44. Nc1 Ra4 45. Nd3 Bxd4 46.
Be2 Ra3 47. Nf4 Bxe5 48. Nd3 Bd4 49. Kf1 Kc7 50. Nf4 Kd6 51. g4 hxg4 52. Bxg4 Bf6 53.
h5 gxh5 54. Nxh5 Bd4 55. Ng3 Ra2 56. Ne2 Bc5 57. f4 f6 58. Ke1 e5 59. fxe5+ fxe5 60. Kd1 e4 61. Nc3 Ra1+ 62. Kc2 Ke5 63. Bh5 d4 64. Nb5 d3+ 65. Kc3 Rc1+ 66. Kb2 Rc2+ 67.
Kb3 Bb6 68. Na3 Bd4 69. Nc4+ Kf4 70. Na3 Rc1 71. Nb5 Be3 72. Nc3 Re1 73. Nd5+ Ke5 74.
Nc3 Bd4 75. Nb5 Rb1+ 76. Kc4 Rc1+ 77. Kb3 d2 78. Na3 d1=Q+ 79. Bxd1 Rxd1 80. Nc4+ Kf4 81. Nd6 e3 82. Nb5 e2 83. Nc3 Bxc3 84. Kc2 Bf6 85. Kb3 Rd3+ 86. Ka2 Rd7 87. Kb3 Bg5 88. Ka2 Rb7 89.
Ka3 e1=Q 90. Ka4 Qa1# 0-1

[Event "Late-Titled-Tuesday-Blitz-May-14-2024"]
[Site "Chess.com"]
[Date "2024.05.14"]
[Round "5"]
[White "Mops_2004"]
[Black "Kacparov"]
[Result "1/2-1/2"]
[WhiteElo "2837"]
[BlackElo "2924"]
[TimeControl "180+1"]
[EndTime "14:58:01 PDT"]
[Termination "Game drawn - insufficient material"]

1. g3 d5 2. Nf3 c6 3. Bg2 Bg4 4. h3 Bxf3 5. Bxf3 Nf6 6. O-O e5 7. d3 Nbd7 8. Nc3 Bc5 9. e4 dxe4 10.
Nxe4 Nxe4 11. dxe4 Qc7 12. Kg2 O-O 13. c3 a5 14. Qc2 h6 15. Bd2 Rfd8 16. Rad1 a4 17. Bc1 b5 18. b4 Be7 19. Be2 Qb7 20. a3 c5 21. f3 Rac8 22. Qd3 c4 23. Qc2 Nf6 24.
Rxd8+ Bxd8 25. Rd1 Bb6 26. Bd2 Ba7 27. Rf1 Rd8 28.
Qc1 Qb6 29. Be1 Qd6 30. Bf2 Bxf2 31. Kxf2 Qd2 32. Rd1 Qxc1 33. Rxc1 Rd2 34. Rd1 Ra2 35.
Rd8+ Kh7 36. Rb8 Rxa3 37. Rxb5 Rxc3 38. Rxe5 a3 39. Ra5 Nd7 40. b5 Nc5 41. b6 Ne6 42.
Ra4 Rb3 43. Bxc4 Rxb6 44. Rxa3 g6 45. Bxe6 Rxe6 46. g4 g5 47. Kg3 Kg6 48. h4 Rb6 49.
h5+ Kg7 50. Rd3 Rc6 51. Kf2 Rb6 52. Ke3 Ra6 53. Kd4 Ra4+ 54. Ke5 Ra5+ 55. Kd4 Ra4+ 56. Ke3 Ra5 57. Kf2 Ra4 58. Re3 Ra2+ 59. Kg3 Ra4 60. e5 Ra6 61. Re4 Kf8 62. f4 gxf4+ 63. Kxf4 Kg7 64.
Kf5 Ra1 65. Rf4 Rg1 66. e6 fxe6+ 67. Kxe6 Re1+ 68. Kf5 Ra1 69. Rd4 Ra5+ 70. Kf4 Ra7 71.
Rd5 Kf6 72. Rd6+ Kg7 73. Ke5 Ra5+ 74. Rd5 Ra4 75. Rd7+ Kg8 76. Kf5 Ra6 77. Re7 Ra4 78. Re4 Ra6 79. Re6 Ra5+ 80. Kf6 Rg5 81. Re8+ Kh7 82.
Re7+ Kg8 83. Re4 Kh7 84. Rd4 Kg8 85. Ke6 Kg7 86. Rf4 Kg8 87. Kf6 Kh7 88. Ke6 Kg7 89. Ke7 Re5+ 90. Kd6 Rg5 91. Rc4 Kf6 92. Rf4+ Kg7 93.
Ke6 Kg8 94. Rf6 Rxg4 95. Rxh6 Kg7 96. Rg6+ Rxg6+ 97. hxg6 Kxg6 1/2-1/2

[Event "Late-Titled-Tuesday-Blitz-May-14-2024"]
[Site "Chess.com"]
[Date "2024.05.14"]
[Round "5"]
[White "Bryanl106"]
[Black "GMMikhailKazakov"]
[Result "1/2-1/2"]
[WhiteElo "2679"]
[BlackElo "2519"]
[TimeControl "180+1"]
[EndTime "14:58:08 PDT"]
[Termination "Game drawn by repetition"]

1. e4 d6 2. d4 Nf6 3. Nc3 e5 4. Nf3 Nbd7 5. g4 h6 6. Rg1 c6 7. a4 a5 8. Bc4 exd4 9. Nxd4 Ne5 10.
Be2 Qb6 11. Nb3 Qc7 12. f4 Ng6 13. Be3 Be7 14. Nd4 d5 15. e5 Ne4 16. Nxe4 dxe4 17. Nf5 Bxf5 18. gxf5 Nh4 19. Qd4 Nxf5 20. Qxe4 Nxe3 21.
Qxe3 Bh4+ 22. Kf1 g6 23. Qh3 Be7 24. e6 Qxf4+ 25. Kg2 Qe4+ 26. Bf3 Qxe6 27. Qxe6 fxe6 28. Rge1 O-O 29. Rxe6 Bf6 30. Rae1 Kf7 31. c3 Rae8 32. R6e4 Rxe4 33. Bxe4 Rd8 34. Re2 h5 35. Kf3 Rd6 36.
Rg2 Bg7 37. h3 Rf6+ 38. Ke2 Bh6 39. Kd3 g5 40. Rg3 Rf4 41. Bf3 Rh4 42. Bd1 Kf6 43.
Rf3+ Kg7 44. Rf1 Kg8 45. Rf3 Kg7 46. Rg3 Kf6 47. Be2 Ke5 48. Re3+ Kf6 49. Rf3+ Kg7 50. b3 Kg6 51. Kd2 Bg7 52. Bd3+ Kh6 53. Re3 Bf6 54. Re6 Kg7 55. Bf5 Rf4 56. Bd3 Rf3 57. Rd6 Rxh3 58.
Rd7+ Kf8 59. Rxb7 g4 60. Bf5 Bxc3+ 61. Ke2 Bb4 62. Be4 Rxb3 63. Bxc6 Rc3 64. Bd5 g3 65. Kf1 h4 66. Kg2 Rc2+ 67. Kh3 Rh2+ 68. Kg4 g2 69. Bxg2 Rxg2+ 70. Kxh4 Ra2 71. Kg4 Rxa4 72. Kf3 Ra3+ 73. Ke4 Rc3 74. Kd4 Rc8 75. Kd5 Ke8 76. Rh7 Kd8 77.
Ra7 Rb8 78. Kc6 Kc8 79. Rc7+ Kd8 80. Ra7 Ke8 81. Kc7 Rd8 82. Kc6 Rd6+ 83. Kb5 Rd7 84. Ra8+ Ke7 85. Rh8 Kd6 86. Rh6+ Kd5 87. Rh5+ Kd4 88.
Ka4 Kc4 89. Rh1 Rd3 90. Rh4+ Kc3 91. Rh2 Rd4 92. Rh3+ Kc2 93. Rh2+ Bd2+ 94. Ka3 Rd3+ 95. Ka4 Rd4+ 96. Ka3 Kd3 97. Rh3+ Kc2 98. Rh2 1/2-1/2

[Event "Late-Titled-Tuesday-Blitz-May-14-2024"]
[Site "Chess.com"]
[Date "2024.05.14"]
[Round "5"]
[White "The_Machine04"]
[Black "Cambek64"]
[Result "1-0"]
[WhiteElo "2664"]
[BlackElo "2502"]
[TimeControl "180+1"]
[EndTime "14:58:10 PDT"]
[Termination "The_Machine04 won on time"]

1. d4 c5 2. d5 e5 3. e4 d6 4. Nc3 Be7 5. Nf3 Nf6 6. Be2 O-O 7. O-O Na6 8. a4 Nc7 9. Nd2 Nd7 10. Nc4 b6 11. f4 exf4 12. Bxf4 Ne8 13. Qd2 a6 14. Rf3 f6 15. Rg3 Ne5 16. Ne3 Kh8 17. Rf1 Bd7 18. Nf5 Rb8 19. Bxa6 Bxf5 20. exf5 Nc7 21. Bd3 c4 22. Be4 b5 23. axb5 Nxb5 24. Rh3 Nxc3 25. bxc3 Rb2 26. Qe2 Qe8 27. Bxe5 dxe5 28. Qxc4 Qb8 29.
Qd3 Rc8 30. Qg3 Bc5+ 31. Kh1 Rb1 32. Qd3 Bd6 33. Rf3 Rxf1+ 34. Rxf1 Qc7 35. Ra1 h6 36. Ra6 Bc5 37. Rc6 Qb8 38. Rxc8+ Qxc8 39. g3 Qc7 40. Qb5 Qe7 41. Kg2 Kh7 42. h4 Qd6 43. c4 Qe7 44.
Qc6 Qf8 45. Qe6 Bd6 46. Bf3 Bc5 47. Bh5 Bd6 48. Bg6+ Kh8 49. Kh3 Bc5 50. Kg4 Bd6 51. Kh5 Bc5 52. g4 Be7 53. Qf7 Qxf7 54. Bxf7 Kh7 55.
g5 hxg5 56. hxg5 fxg5 57. Kg4 Kh6 58. Bg6 Bd6 59. Kf3 Be7 60. Kg3 e4 61. Kf2 Bc5+ 62. Kg3 g4 63. Kxg4 e3 64. Kf3 Kg5 65. d6 Kf6 66. d7 Ke7 67. Be8 Kd8 68. Ke2 Bb6 69. Kd3 Bc5 70. c3 Bb6 71. Bf7 Kxd7 72. Bh5 Kd6 73.
Ke4 Bc5 74. Be2 Bb6 75. Kf4 Bc5 76. Kg5 Ke7 77. Kg6 Kf8 78. Bf3 Bb6 79. Kh5 Bc5 80.
Kg5 Bb6 81. Kg6 Bc5 82. Kg5 Bb6 83. Kf4 Bc5 84. Ke5 Bb6 85. Kd6 Ke8 86. c5 Ba5 87. c4 Kd8 88. c6 Bc7+ 89. Ke6 Ke8 90. Bh5+ Kd8 91. Kf7 1-0

[Event "Late-Titled-Tuesday-Blitz-May-14-2024"]
[Site "Chess.com"]
[Date "2024.05.14"]
[Round "5"]
[White "simaopdias"]
[Black "cthulhuuu"]
[Result "0-1"]
[WhiteElo "2233"]
[BlackElo "2478"]
[TimeControl "180+1"]
[EndTime "14:58:10 PDT"]
[Termination "cthulhuuu won by resignation"]

1. e4 d6 2. Nc3 Nf6 3. d4 c6 4.
Be2 b5 5. a3 e5 6. Nf3 Nbd7 7. d5 cxd5 8. exd5 a6 9. Bg5 Be7 10.
Qd2 h6 11. Bxf6 Nxf6 12. O-O O-O 13. Rfe1 Bf5 14. Nh4 Bh7 15. g3 Rc8 16. Bd3 e4 17. Bf1 Ng4 18. Ng2 Ne5 19. Be2 Bg5 20. Qd1 Qd7 21.
f4 exf3 22. Bxf3 Bxc2 23. Qe2 Bd3 24. Qf2 Bg6 25. Be2 Rfe8 26. Nf4 Bxf4 27. gxf4 Ng4 28.
Qf3 h5 29. Bd3 Bxd3 30. Qxd3 Rxe1+ 31. Rxe1 Re8 32. Re4 f5 33. Re2 Rxe2 34. Qxe2 Kf7 35. Kg2 Qe7 36. Qxe7+ Kxe7 37. h3 Ne3+ 38. Kf3 Nc4 39.
Nd1 a5 40. Ke2 Nb6 41. Ne3 Kf6 42. Kd3 g5 43. fxg5+ Kxg5 44. Ng2 Nxd5 45. Kd4 Nf4 46. h4+ Kg4 47. Ne3+ Kxh4 48. Nxf5+ Kg5 49. Nxd6 h4 50. Ne4+ Kg4 51. b4 a4 52. Kc5 Kf3 53. Ng5+ Kg4 54.
Ne4 Nd3+ 55. Kxb5 Kf4 56. Nd2 h3 57. Nf1 Kf3 58. Kxa4 Kf2 59. Nh2 Ne5 60. b5 Kg2 61. b6 Kxh2 62. b7 Nd7 63. Kb5 Kg3 64. Kc6 Nb8+ 65. Kc7 h2 66. Kxb8 h1=Q 67. Ka7 Qg1+ 68. Ka8 Qg2 69. a4 Qc6 70. a5 Qa6+ 71. Kb8 Qxa5 72.
Kc8 Qc5+ 73. Kb8 Kf4 74. Ka8 Qa5+ 75. Kb8 Ke5 76. Kc8 Qc5+ 77. Kd7 Qb6 78. Kc8 Qc6+ 79.
Kb8 Kd6 80. Ka7 Qa4+ 81. Kb8 Kc6 82. Kc8 Qa6 0-1

[Event "Late-Titled-Tuesday-Blitz-May-14-2024"]
[Site "Chess.com"]
[Date "2024.05.14"]
[Round "5"]
[White "lucasran"]
[Black "Arystanner"]
[Result "1/2-1/2"]
[WhiteElo "2573"]
[BlackElo "2835"]
[TimeControl "180+1"]
[EndTime "14:58:50 PDT"]
[Termination "Game drawn by stalemate"]

1. c4 c6 2. Nf3 d5 3. e3 Nf6 4.
Nc3 a6 5. d4 e6 6. b3 Bb4 7.
Bd2 O-O 8. Bd3 c5 9. cxd5 exd5 10. O-O Bg4 11. dxc5 Nbd7 12. Be2 Nxc5 13. a3 Bxc3 14. Bxc3 Nfe4 15. Bd4 Ne6 16. Rc1 Rc8 17. Bb2 Rxc1 18. Qxc1 Qb6 19. b4 h6 20. h3 Bh5 21. g4 Bg6 22. Ne5 Qd8 23. Kg2 Bh7 24. f3 Nf6 25.
Qd2 d4 26. Bxd4 Nd5 27. Rd1 Bc2 28. Rc1 Ndf4+ 29. exf4 Qxd4 30. Qxd4 Nxd4 31. Kf2 b5 32. Nc6 Nxc6 33. Rxc2 Nd4 34. Rd2 Ne6 35. f5 Nf4 36.
Bf1 g5 37. Rd6 Rc8 38. Rxh6 Rc2+ 39. Kg1 Rc3 40. Rxa6 Rxf3 41. Bxb5 Rxh3 42. Bf1 Rb3 43. b5 Nd5 44. a4 Ne3 45. Be2 Rb2 46. Ra8+ Kg7 47.
Re8 Rxe2 48. b6 Re1+ 49. Kf2 Rf1+ 50. Ke2 Rb1 51. Rxe3 Rxb6 52. Ra3 Kf6 53. a5 Ra6 54. Ke3 Ke5 55. Ra4 f6 56. Kd3 Kd5 57. Ra1 Kc5 58. Ke4 Kc4 59. Rd1 Rxa5 60. Rd6 Kc3 61. Rxf6 Ra4+ 62.
Ke5 Rxg4 63. Rd6 Rf4 64. f6 Rf3 65. Rd1 g4 66. Rg1 g3 67. Ke6 Kd3 68. f7 Ke2 69.
Rxg3 Rxg3 70. f8=Q Re3+ 71. Kd5 Rd3+ 72. Kc4 Re3 73. Qh6 Kf3 74. Qh3+ Kf4 75. Qh6+ Kf3 76.
Kd4 Re4+ 77. Kd3 Rg4 78. Qh3+ Rg3 79. Qf5+ Kg2+ 80. Ke2 Kh2 81. Qh5+ Kg1 82. Qc5+ Kg2 83. Qf2+ Kh3 84. Kf1 Kg4 85. Ke2 Rh3 86. Qg2+ Rg3 87. Qe4+ Kh5 88. Kf2 Rg4 89. Qf5+ Rg5 90. Qh7+ Kg4 91. Ke3 Kg3 92. Qh1 Kg4 93. Ke4 Kg3 94. Qg1+ Kh4 95. Qh2+ Kg4 96. Qg2+ Kh5 97. Qh3+ Kg6 98.
Qe6+ Kh7 99. Kf4 Rg6 100. Qf7+ Kh6 101. Kf5 Rg5+ 102. Kf6 Rf5+ 103. Kxf5 1/2-1/2

[Event "Late-Titled-Tuesday-Blitz-May-14-2024"]
[Site "Chess.com"]
[Date "2024.05.14"]
[Round "6"]
[White "MKlose11"]
[Black "ural58"]
[Result "0-1"]
[WhiteElo "2620"]
[BlackElo "2487"]
[TimeControl "180+1"]
[EndTime "15:00:50 PDT"]
[Termination "ural58 won by resignation"]

1. e4 d5 2. exd5 Qxd5 3. Nc3 Qa5 4. d4 Nf6 5. Nf3 Nc6 6. d5 Nb4 7. Bb5+ Bd7 8. Bxd7+ Nxd7 9. a3 Nf6 10. axb4 Qxa1 11. O-O Qa6 12. Bf4 Qc4 13. Qa1 Qxf4 0-1

[Event "Late-Titled-Tuesday-Blitz-May-14-2024"]
[Site "Chess.com"]
[Date "2024.05.14"]
[Round "6"]
[White "volcanoexplorer"]
[Black "HandKnit"]
[Result "1-0"]
[WhiteElo "2710"]
[BlackElo "2500"]
[TimeControl "180+1"]
[EndTime "15:01:00 PDT"]
[Termination "volcanoexplorer won by resignation"]

1. e4 c5 2. Nf3 e6 3. d4 cxd4 4.
Nxd4 a6 5. Be2 Qc7 6. O-O Nf6 7. Nc3 b5 8. Bf3 Bb7 9. e5 Ng8 10. Be3 Bxf3 11. Qxf3 Nc6 12. Ne4 Nxe5 13. Nf6+ Nxf6 14. Qxa8+ Qd8 15. Qxa6 1-0

[Event "Late-Titled-Tuesday-Blitz-May-14-2024"]
[Site "Chess.com"]
[Date "2024.05.14"]
[Round "6"]
[White "Sanan_Sjugirov"]
[Black "Oneofmyturns"]
[Result "1-0"]
[WhiteElo "3040"]
[BlackElo "2801"]
[TimeControl "180+1"]
[EndTime "15:01:27 PDT"]
[Termination "Sanan_Sjugirov won by resignation"]

1. e4 e5 2. Nf3 Nc6 3. Bb5 a6 4. Ba4 Nf6 5. O-O b5 6. Bb3 Bc5 7. a4 Rb8 8. axb5 axb5 9. c3 d6 10. d4 Bb6 11. Na3 O-O 12. Nxb5 Bg4 13. Bc2 Bxf3 14.
gxf3 Nh5 15. Kh1 Qf6 16. Be3 h6 17. Rg1 Nf4 18. Rg4 exd4 19. Rxf4 1-0

[Event "Late-Titled-Tuesday-Blitz-May-14-2024"]
[Site "Chess.com"]
[Date "2024.05.14"]
[Round "6"]
[White "RespectfulDaveOnYouTube"]
[Black "Timurist"]
[Result "1-0"]
[WhiteElo "2521"]
[BlackElo "2336"]
[TimeControl "180+1"]
[EndTime "15:01:31 PDT"]
[Termination "RespectfulDaveOnYouTube won by checkmate"]

1. d4 e6 2. Nc3 Nf6 3. e4 Bb4 4. e5 Nd5 5. Bd2 Nb6 6. Ne4 Be7 7. h4 d5 8. Ng3 Bxh4 9. Qg4 Be7 10. Qxg7 Rf8 11.
Rxh7 c5 12. dxc5 Bxc5 13. Nh5 N8d7 14. Bb5 Be7 15. Bh6 a6 16. Nf6+ Bxf6 17. Qxf8# 1-0

[Event "Late-Titled-Tuesday-Blitz-May-14-2024"]
[Site "Chess.com"]
[Date "2024.05.14"]
[Round "6"]
[White "Christian-Toth"]
[Black "subham777"]
[Result "0-1"]
[WhiteElo "2375"]
[BlackElo "2540"]
[TimeControl "180+1"]
[EndTime "15:01:34 PDT"]
[Termination "subham777 won by resignation"]

1. e4 e6 2. d4 d5 3. exd5 exd5 4.
Nf3 Nf6 5. Bd3 Bd6 6. Qe2+ Be7 7. O-O O-O 8. h3 c5 9. c3 Nc6 10. Be3 Re8 11. Nbd2 cxd4 12. Nxd4 Nxd4 13. Bxd4 Bc5 14. Bxf6 Rxe2 15. Bxd8 Rxd2 0-1

[Event "Late-Titled-Tuesday-Blitz-May-14-2024"]
[Site "Chess.com"]
[Date "2024.05.14"]
[Round "6"]
[White "Fore_Man"]
[Black "Veleamater"]
[Result "0-1"]
[WhiteElo "2239"]
[BlackElo "2434"]
[TimeControl "180+1"]
[EndTime "15:01:38 PDT"]
[Termination "Veleamater won by resignation"]

1. Nf3 Nf6 2. b3 g6 3. Bb2 Bg7 4. e3 O-O 5. Be2 b6 6. O-O Bb7 7. d4 d5 8. c4 Nbd7 9. Nc3 c5 10. cxd5 Nxd5 11. Nxd5 Bxd5 12. Qc2 Rc8 13. Ba6 Rc7 14. Rac1 Bxf3 15. gxf3 Nb8 16. Be2 Rc8 17. dxc5 Rxc5 18. Rb1 Rxc2 19. Rbc1 Rxb2 0-1

[Event "Late-Titled-Tuesday-Blitz-May-14-2024"]
[Site "Chess.com"]
[Date "2024.05.14"]
[Round "6"]
[White "szachmistrz2500"]
[Black "The_Machine04"]
[Result "0-1"]
[WhiteElo "2490"]
[BlackElo "2668"]
[TimeControl "180+1"]
[EndTime "15:02:09 PDT"]
[Termination "The_Machine04 won by resignation"]

1. e4 d6 2. d4 Nf6 3. Nc3 e5 4. Nge2 Nbd7 5. f3 c6 6. Be3 d5 7. Qd2 dxe4 8. Nxe4 Nxe4 9. fxe4 Nf6 10. Ng3 Ng4 11. O-O-O Be7 12. Kb1 Nxe3 13. Qxe3 O-O 14. Bc4 exd4 15. Rxd4 Qb6 16. Nf5 Bxf5 17. exf5 Bf6 18.
Rhd1 c5 0-1